IL
MEMPHIS REDBIRDS @ GWINNETT BRAVES
05/31/2045
 
TOP OF THE 1ST
Memphis Redbirds batting - Pitching for Gwinnett Braves : RHP Howard Wood
Pitching: RHP Howard Wood
Batting: RHB Dustin Clark 0-0: Ball
1-0: Called Strike
1-1: Ground out 4-3 (Groundball, 4, EV 87.5 MPH)
Batting: RHB Rick O'Reilly 0-0: Foul Ball, location: 2F
0-1: Swinging Strike
0-2: Ground out 4-3 (Groundball, 4M, EV 78.1 MPH)
Batting: RHB Pavpv Ivanushkin 0-0: Ball
1-0: Called Strike
1-1: Foul Ball, location: 2F
1-2: Fly out, F9 (Flyball, 9, EV 91.9 MPH)
Top of the 1st over - 0 runs, 0 hits, 0 errors, 0 left on base; Memphis 0 - Gwinnett 0
BOTTOM OF THE 1ST
Gwinnett Braves batting - Pitching for Memphis Redbirds : RHP Josh Ambrose
Pitching: RHP Josh Ambrose
Batting: LHB Davey Schonewille 0-0: Fly out, F7 (Flyball, 78XD, EV 80.6 MPH)
Batting: RHB Luis Revilla 0-0: Ground out 5-3 (Groundball, 56S, EV 87.5 MPH)
Batting: LHB Edwin Aguilar 0-0: Ball
1-0: Ball
2-0: Ball
3-0: Called Strike
3-1: Base on Balls
Batting: LHB Helge Jivotovsky 0-0: Ball
Edwin Aguilar is caught stealing 2nd base 2-6
Bottom of the 1st over - 0 runs, 0 hits, 0 errors, 0 left on base; Memphis 0 - Gwinnett 0
TOP OF THE 2ND
Memphis Redbirds batting - Pitching for Gwinnett Braves : RHP Howard Wood
Batting: RHB Jimmy Hammertime 0-0: Ball
1-0: Called Strike
1-1: Fly out, F3 (Line Drive, 3, EV 75.0 MPH)
Batting: SHB Quido van Erp 0-0: Ball
1-0: SINGLE (Groundball, 34D, EV 100.0 MPH)
Batting: RHB Klaas Meij 0-0: SINGLE (Flyball, 34D, EV 95.0 MPH)
Quido van Erp to second
Batting: LHB Jesus Ramirez 0-0: Foul Ball, location: 2F
0-1: Called Strike
0-2: Foul Ball, location: 2F
0-2: Ball
1-2: Fielders Choice at 2nd, 3-6 (Groundball, 34S, EV 86.9 MPH)
Quido van Erp to third
Batting: RHB Jason Keller 0-0: Ball
1-0: Foul Ball, location: 2F
1-1: Ground out 6-3 (Groundball, 56, EV 101.9 MPH)
Top of the 2nd over - 0 runs, 2 hits, 0 errors, 2 left on base; Memphis 0 - Gwinnett 0
BOTTOM OF THE 2ND
Gwinnett Braves batting - Pitching for Memphis Redbirds : RHP Josh Ambrose
Batting: LHB Helge Jivotovsky 0-0: Ball
1-0: Ground out 4-3 (Groundball, 4, EV 88.1 MPH)
Batting: LHB Sam Dowdy 0-0: Called Strike
0-1: Fly out, F7 (Line Drive, 7, EV 100.6 MPH)
Batting: RHB Cole Bittner 0-0: Foul Ball, location: 2F
0-1: Ground out U3 (Groundball, 3, EV 106.2 MPH)
Bottom of the 2nd over - 0 runs, 0 hits, 0 errors, 0 left on base; Memphis 0 - Gwinnett 0
TOP OF THE 3RD
Memphis Redbirds batting - Pitching for Gwinnett Braves : RHP Howard Wood
Batting: RHB Daniel Samano 0-0: Ball
1-0: SINGLE (Groundball, 5S, EV 72.5 MPH) (infield hit)
Batting: RHB Dustin Clark 0-0: Foul Ball, location: 2F
0-1: Ball
1-1: Ball
2-1: SINGLE (Groundball, 13, EV 90.6 MPH) (infield hit)
Daniel Samano to second
Batting: RHB Rick O'Reilly 0-0: Ball
1-0: Ball
2-0: Called Strike
2-1: TRIPLE (Line Drive, 78XD, EV 103.1 MPH)
Daniel Samano scores
Dustin Clark scores
Batting: RHB Pavpv Ivanushkin 0-0: Foul Ball, location: 2F
0-1: Fly out, F8 (Flyball, 8LXD, EV 101.9 MPH)
Runner from 3rd tags up, SCORES, no throw by CF
Batting: RHB Jimmy Hammertime 0-0: Called Strike
0-1: Fly out, F3 (Flyball, 34D, EV 87.5 MPH)
Batting: SHB Quido van Erp 0-0: Called Strike
0-1: Ball
1-1: Ground out 3-1 (Groundball, 3L, EV 103.1 MPH)
Top of the 3rd over - 3 runs, 3 hits, 0 errors, 0 left on base; Memphis 3 - Gwinnett 0
BOTTOM OF THE 3RD
Gwinnett Braves batting - Pitching for Memphis Redbirds : RHP Josh Ambrose
Batting: RHB Xavier Castellanos 0-0: Ball
1-0: Called Strike
1-1: SINGLE (Flyball, 8LS, EV 95.0 MPH)
Batting: RHB Jesse Lester 0-0: Ball
1-0: Ball
2-0: Ball
3-0: Called Strike
3-1: Grounds into double play, 6-4-3 (Groundball, 6, EV 90.6 MPH)
Batting: RHB T.J. Jordan 0-0: Ball
1-0: Ball
2-0: Called Strike
2-1: Ball
3-1: Base on Balls
Batting: LHB Davey Schonewille 0-0: Ground out 4-3 (Groundball, 34, EV 86.9 MPH)
Bottom of the 3rd over - 0 runs, 1 hit, 0 errors, 1 left on base; Memphis 3 - Gwinnett 0
TOP OF THE 4TH
Memphis Redbirds batting - Pitching for Gwinnett Braves : RHP Howard Wood
Batting: RHB Klaas Meij 0-0: Ground out 6-3 (Groundball, 6, EV 86.2 MPH)
Batting: LHB Jesus Ramirez 0-0: Swinging Strike
0-1: Ball
1-1: Ball
2-1: Swinging Strike
2-2: Foul Ball, location: 2F
2-2: Foul Ball, location: 2F
2-2: Ground out U3 (Groundball, 3L, EV 83.8 MPH)
Batting: RHB Jason Keller 0-0: Ball
1-0: Ball
2-0: Ground out 5-3 (Groundball, 56S, EV 76.2 MPH)
Top of the 4th over - 0 runs, 0 hits, 0 errors, 0 left on base; Memphis 3 - Gwinnett 0
BOTTOM OF THE 4TH
Gwinnett Braves batting - Pitching for Memphis Redbirds : RHP Josh Ambrose
Batting: RHB Luis Revilla 0-0: Ball
1-0: Foul Ball, location: 2F
1-1: Called Strike
1-2: Ball
2-2: Ball
3-2: SINGLE (Groundball, 4D, EV 96.2 MPH)
Batting: LHB Edwin Aguilar 0-0: Ball
1-0: Foul Ball, location: 2F
1-1: Ball
2-1: Fielders Choice at 2nd, 4-6 (Groundball, 4, EV 88.1 MPH)
Batting: LHB Helge Jivotovsky 0-0: Called Strike
0-1: Ball
1-1: Ball
2-1: Ball
3-1: SINGLE (Line Drive, 9LS, EV 101.9 MPH)
Edwin Aguilar to second
Batting: LHB Sam Dowdy 0-0: Called Strike
0-1: Foul Ball, location: 2F
0-2: Strikes out swinging
Batting: RHB Cole Bittner 0-0: Ball
1-0: Called Strike
1-1: Ball
2-1: Foul Ball, location: 2F
2-2: 3-RUN HOME RUN (Flyball, 7D, EV 96.2 MPH), Distance : 380 ft
Batting: RHB Xavier Castellanos 0-0: Ball
1-0: Swinging Strike
1-1: Ball
2-1: Ball
3-1: Foul Ball, location: 2F
3-2: Base on Balls
Batting: RHB Jesse Lester 0-0: Called Strike
0-1: Called Strike
Xavier Castellanos steals 2nd base
0-2: Ball
1-2: Ball
2-2: Ball
3-2: Base on Balls
Batting: RHB T.J. Jordan 0-0: Ball
1-0: Fielders Choice at 2nd, 6-4 (Groundball, 6, EV 91.9 MPH)
Bottom of the 4th over - 3 runs, 3 hits, 0 errors, 2 left on base; Memphis 3 - Gwinnett 3
TOP OF THE 5TH
Memphis Redbirds batting - Pitching for Gwinnett Braves : RHP Howard Wood
Batting: RHB Daniel Samano 0-0: Called Strike
0-1: Ball
1-1: Ball
2-1: Called Strike
2-2: Ball
3-2: Foul Ball, location: 2F
3-2: Strikes out swinging
Batting: RHB Dustin Clark 0-0: Ground out 6-3 (Groundball, 6, EV 88.1 MPH)
Batting: RHB Rick O'Reilly 0-0: Ball
1-0: Ball
2-0: Called Strike
2-1: Foul Ball, location: 2F
2-2: Ball
3-2: Fly out, F7 (Flyball, 7, EV 88.8 MPH)
Top of the 5th over - 0 runs, 0 hits, 0 errors, 0 left on base; Memphis 3 - Gwinnett 3
BOTTOM OF THE 5TH
Gwinnett Braves batting - Pitching for Memphis Redbirds : RHP Josh Ambrose
Batting: LHB Davey Schonewille 0-0: Swinging Strike
0-1: Called Strike
0-2: Strikes out swinging
Batting: RHB Luis Revilla 0-0: Called Strike
0-1: Called Strike
0-2: Strikes out looking
Batting: LHB Edwin Aguilar 0-0: Called Strike
0-1: Ball
1-1: Called Strike
1-2: Ground out U3 (Groundball, 3, EV 86.9 MPH)
Bottom of the 5th over - 0 runs, 0 hits, 0 errors, 0 left on base; Memphis 3 - Gwinnett 3
TOP OF THE 6TH
Memphis Redbirds batting - Pitching for Gwinnett Braves : RHP Howard Wood
Batting: RHB Pavpv Ivanushkin 0-0: Called Strike
0-1: Called Strike
0-2: Fly out, F9 (Flyball, 9S, EV 80.0 MPH)
Batting: RHB Jimmy Hammertime 0-0: Ball
1-0: Foul Ball, location: 2F
1-1: Foul Ball, location: 2F
1-2: Ball
2-2: SINGLE (Line Drive, 89M, EV 98.1 MPH)
Batting: SHB Quido van Erp 0-0: Ball
1-0: Ball
2-0: Ball
3-0: Called Strike
3-1: DOUBLE (Flyball, 7LD, EV 96.2 MPH)
Jimmy Hammertime to third
Runner from 3rd tries for Home, SAFE, throw by LF to home
Batting: RHB Klaas Meij 0-0: Called Strike
0-1: Swinging Strike
0-2: Foul Ball, location: 2F
0-2: Strikes out swinging
Batting: LHB Jesus Ramirez 0-0: Ball
1-0: Ground out 6-3 (Groundball, 6, EV 103.1 MPH)
Top of the 6th over - 1 run, 2 hits, 0 errors, 1 left on base; Memphis 4 - Gwinnett 3
BOTTOM OF THE 6TH
Gwinnett Braves batting - Pitching for Memphis Redbirds : RHP Josh Ambrose
Batting: LHB Helge Jivotovsky 0-0: Called Strike
0-1: Ground out 4-3 (Groundball, 4, EV 83.1 MPH)
Batting: LHB Sam Dowdy 0-0: Ball
1-0: Ground out U3 (Groundball, 34, EV 80.6 MPH)
Batting: RHB Cole Bittner 0-0: Ball
1-0: Ball
2-0: Called Strike
2-1: Called Strike
2-2: Foul Ball, location: 2F
2-2: Strikes out swinging
Bottom of the 6th over - 0 runs, 0 hits, 0 errors, 0 left on base; Memphis 4 - Gwinnett 3
TOP OF THE 7TH
Memphis Redbirds batting - Pitching for Gwinnett Braves : RHP Howard Wood
Batting: RHB Jason Keller 0-0: Swinging Strike
0-1: Ball
1-1: Ground out 6-3 (Groundball, 56, EV 87.5 MPH)
Batting: RHB Daniel Samano 0-0: Ground out 3-1 (Groundball, 34S, EV 85.0 MPH)
Batting: RHB Dustin Clark 0-0: Called Strike
0-1: Ball
1-1: Ball
2-1: Called Strike
2-2: Ball
3-2: Base on Balls
Batting: RHB Rick O'Reilly 0-0: Called Strike
0-1: Ball
1-1: Called Strike
1-2: Ground out 4-3 (Groundball, 4, EV 78.1 MPH)
Top of the 7th over - 0 runs, 0 hits, 0 errors, 1 left on base; Memphis 4 - Gwinnett 3
BOTTOM OF THE 7TH
Gwinnett Braves batting - Pitching for Memphis Redbirds : RHP Josh Ambrose
Batting: RHB Xavier Castellanos 0-0: Ball
1-0: Foul Ball, location: 2F
1-1: Ground out 6-3 (Groundball, 6, EV 106.9 MPH)
Batting: RHB Jesse Lester 0-0: Called Strike
0-1: Foul Ball, location: 2F
0-2: Ball
1-2: Ball
2-2: Strikes out swinging
Batting: RHB T.J. Jordan 0-0: Ball
1-0: Called Strike
1-1: Ball
2-1: Ground out 6-3 (Groundball, 6, EV 80.0 MPH)
Bottom of the 7th over - 0 runs, 0 hits, 0 errors, 0 left on base; Memphis 4 - Gwinnett 3
TOP OF THE 8TH
Memphis Redbirds batting - Pitching for Gwinnett Braves : RHP Howard Wood
Batting: RHB Pavpv Ivanushkin 0-0: Foul Ball, location: 2F
0-1: Ground out 6-3 (Groundball, 6, EV 80.0 MPH)
Batting: RHB Jimmy Hammertime 0-0: Ball
1-0: Ball
2-0: Ball
3-0: Called Strike
3-1: Base on Balls
Pitching: RHP Mike Willig
Batting: SHB Quido van Erp 0-0: Foul Ball, location: 2F
0-1: Swinging Strike
0-2: Ball
1-2: Strikes out swinging
Batting: RHB Klaas Meij 0-0: Called Strike
0-1: Foul Ball, location: 2F
0-2: Ball
1-2: Foul Ball, location: 2F
1-2: Ball
2-2: Fly out, F9 (Flyball, 89D, EV 100.6 MPH)
Top of the 8th over - 0 runs, 0 hits, 0 errors, 1 left on base; Memphis 4 - Gwinnett 3
BOTTOM OF THE 8TH
Gwinnett Braves batting - Pitching for Memphis Redbirds : RHP Josh Ambrose
Batting: LHB Davey Schonewille 0-0: Foul Ball, location: 2F
0-1: Ball
1-1: Ball
2-1: DOUBLE (Line Drive, 7LS, EV 95.0 MPH)
Pitching: RHP Elijah Daniels
Batting: RHB Luis Revilla 0-0: Ball
1-0: Ball
2-0: Called Strike
2-1: Called Strike
2-2: Ball
3-2: Ground out 5-3 (Groundball, 56, EV 90.0 MPH)
Batting: LHB Edwin Aguilar 0-0: Ball
1-0: Swinging Strike
1-1: TRIPLE (Flyball, 89XD, EV 95.6 MPH)
Davey Schonewille scores
Pitching: LHP Carlos Toledo
Batting: RHB Neal Tinoco 0-0: Ball
1-0: Called Strike
1-1: Ball
2-1: Ball
3-1: Foul Ball, location: 2F
3-2: Base on Balls
Batting: LHB Sam Dowdy 0-0: Fielders Choice at 2nd, 6-4 (Groundball, 56, EV 88.1 MPH)
Edwin Aguilar scores
Batting: RHB Cole Bittner 0-0: Ball
1-0: Swinging Strike
1-1: Ball
2-1: Swinging Strike
2-2: Foul Ball, location: 2F
2-2: Ball
3-2: Fly out, F4 (Popup, 4S, EV 83.1 MPH)
Bottom of the 8th over - 2 runs, 2 hits, 0 errors, 1 left on base; Memphis 4 - Gwinnett 5
TOP OF THE 9TH
Memphis Redbirds batting - Pitching for Gwinnett Braves : RHP Mike Willig
Pitching: RHP Jeff Miller
Now in CF: Tim Rodgers
Now in RF: Davey Schonewille
Batting: LHB Jesus Ramirez 0-0: Foul Ball, location: 2F
0-1: Swinging Strike
0-2: Strikes out swinging
Batting: RHB Jason Keller 0-0: Ball
1-0: Ball
2-0: Called Strike
2-1: SINGLE (Flyball, 89D, EV 90.6 MPH)
Batting: RHB Daniel Samano 0-0: Swinging Strike
0-1: Ball
1-1: Swinging Strike
1-2: Ball
2-2: Strikes out swinging
Batting: RHB Dustin Clark 0-0: Fielders Choice at 2nd, 6-4 (Groundball, 56, EV 78.8 MPH)
Top of the 9th over - 0 runs, 1 hit, 0 errors, 1 left on base; Memphis 4 - Gwinnett 5
Wednesday, June 22nd , 2022 - OOTP Baseball 23.4 Build 64